 Dungeon Crawl Stone Soup version 0.27.1 (webtiles) character file.

Game seed: 9347251839262370480

29 nxtlvl the Skirmisher (level 3, 8/39 HPs)
             Began as an Ogre Delver on Aug 30, 2021.
             Quit the game on level 5 of the Dungeon.
             The game lasted 00:01:17 (129 turns).

nxtlvl the Skirmisher (Ogre Delver)                  Turns: 129, Time: 00:01:17

Health: 8/39       AC:  3    Str: 17    XL:     3   Next: 16%
Magic:  3/3        EV: 10    Int: 11    God:
Gold:   0          SH:  0    Dex: 10    Spells: 2/2 levels left

rFire    . . .     SeeInvis .   a - +0 mace
rCold    . . .     Faith    .   (no shield)
rNeg     . . .     Spirit   .   b - +0 robe
rPois    .         Reflect  .   (helmet restricted)
rElec    .         Harm     .   (no cloak)
rCorr    .         Rampage  .   (gloves unavailable)
Will     .....                  (boots unavailable)
Stlth    ++........             (no amulet)
HPRegen  0.13/turn              (no ring)
MPRegen  0.08/turn              (no ring)

@: hasted, very quick
A: large, unfitting armour, tough skin 1
a: no special abilities


You were on level 5 of the Dungeon.
You visited 1 branch of the dungeon, and saw 2 of its levels.

Inventory:

Hand Weapons
 a - a +0 mace (weapon)
Armour
 b - a +0 robe (worn)
Wands
 g - a wand of digging (3)
Scrolls
 c - a scroll of fog
 e - a scroll of fear


   Skills:
 + Level 4.3 Fighting
 + Level 2.1 Maces & Flails
 + Level 1.8 Dodging
 + Level 4.2 Stealth


You had 2 spell levels left.
You didn't know any spells.
Your spell library was empty.

Dungeon Overview and Level Annotations

Branches:
Dungeon (6/15)
 Temple: D:4-7

Altars:
Dithmenos


Innate Abilities, Weirdness & Mutations

You are too large for most types of armour.
You have tough skin. (AC +1)


Message History

A phantom comes into view.
Things that are here:
a +2 dagger of speed; a +0 leather armour
There is an open door here.
You close the door.
You open the door.
A phantom opens the door.
There is an open door here.
A bullfrog skeleton comes into view.
You feel yourself speed up. The bullfrog skeleton hits you.
You sock the bullfrog skeleton!
The bullfrog skeleton is moderately damaged.
The bullfrog skeleton hits you but does no damage.
You barely miss the bullfrog skeleton.
The bullfrog skeleton is moderately damaged.
The bullfrog skeleton hits you.
You hit the bullfrog skeleton.
The bullfrog skeleton is heavily damaged.
The bullfrog skeleton hits you.
The bullfrog skeleton hits you but does no damage.
You hit the bullfrog skeleton.
The bullfrog skeleton is severely damaged.
The bullfrog skeleton hits you.
You barely miss the bullfrog skeleton.
The bullfrog skeleton is severely damaged.
The bullfrog skeleton hits you.
* * * LOW HITPOINT WARNING * * *
You hit the bullfrog skeleton.
The bullfrog skeleton is almost destroyed.
The bullfrog skeleton hits you.
* * * LOW HITPOINT WARNING * * *
You hit the bullfrog skeleton.
You destroy the bullfrog skeleton!
Your Maces & Flails skill increases to level 2!
Your Stealth skill increases to level 4!
You have reached level 2!
You have reached level 3!
Your experience leads to an increase in your attributes!
Increase (S)trength, (I)ntelligence, or (D)exterity?
You feel stronger. x2
Are you sure you want to abandon this character and quit the game? (Confirm with "yes".)

#... #.#. ...
.. #+#
#.########.#
#.#.....##.#
#.....#.##.####
###W#.........#
#@###W......#
#.....#...#.#
########.## #.#
#.# #.# #W# #.#
#.#


You could see a phantom.

Vanquished Creatures
  A bullfrog skeleton (D:5)
  An orc (D:5)
2 creatures vanquished.

Notes
Turn   | Place    | Note
-------+----------+-------------------------------------------
     0 | D:5      | nxtlvl the Ogre Delver began the quest for the Orb.
     0 | D:5      | Reached XP level 1. HP: 24/24 MP: 1/1
     1 | D:6      | Noticed a phantom
     1 | D:6      | Noticed a sky beast
     1 | D:6      | Found a shadowy altar of Dithmenos.
    52 | D:5      | Noticed a sky beast
    80 | D:5      | Noticed a phantom
   129 | D:5      | Reached XP level 2. HP: 7/32 MP: 2/2
   129 | D:5      | Reached XP level 3. HP: 8/39 MP: 3/3
   129 | D:5      | Quit the game

Illustrated notes

Levels and vault maps discovered:
D:5:      layout_loops_corners, mainiacjoe_overflow_cross_hatched,
          kennysheep_little_box, minmay_temple_entry_purple_smoke
D:6:      layout_basic, nicolae_dithmenos_through_a_glass_darkly

Skill      XL: |  1 |
---------------+----+-----
Maces & Flails | 2 |  2.1
Stealth        | 4 |  4.2
Fighting       | |  4.3
Dodging        | |  1.8

Action                   || total
-------------------------++-------
Melee: Mace              ||     8
  Use: Scroll            ||     1
       Potion            ||     1
Armor: Robe              ||     2
